[Event "*** SCC Grand Prix: Titled Tuesday Blitz"]
[Site "Chess.com"]
[Date "2020.10.06"]
[Round "10"]
[White "vladgoncharov"]
[Black "SergeyKarjakin"]
[Result "1-0"]
[WhiteElo "2495"]
[BlackElo "2898"]
[TimeControl "180+1"]
[EndTime "11:57:35 PDT"]
[Termination "vladgoncharov won by resignation"]

1. d4 b6 2. e4 Bb7 3. Bd3 f5 4. Nc3 Nf6 5. Qe2 e6 6. Nf3 fxe4 7.
Nxe4 Be7 8. O-O O-O 9. c3 Bxe4 10. Bxe4 Nxe4 11. Qxe4 Nc6 12. Bf4 Kh8 13. Bg3 Bf6 14. b4 Ne7 15. a4 a5 16. b5 Nf5 17. Rac1 Rc8 18. c4 Qe7 19. c5 h6 20. Rfe1 bxc5 21.
dxc5 Bb2 22. Rc2 Ba3 23. c6 Bb4 24. Ree2 dxc6 25. Rxc6 Rcd8 26. h3 Rd1+ 27. Kh2 Rfd8 28. Rxe6 Qf7 29. Re8+ Kh7 30. Rxd8 Rxd8 31. Nh4 Rd5 32.
Nxf5 Rxf5 33. Rc2 h5 34. Rxc7 Qg6 35. Rc6 Qf7 36. b6 h4 37. Qxh4+ Rh5 38. Qe4+ Kg8 39. Qe6 1-0

[Event "*** SCC Grand Prix: Titled Tuesday Blitz"]
[Site "Chess.com"]
[Date "2020.10.06"]
[Round "10"]
[White "FramboiseDePrintemps"]
[Black "Lion-Al-Messi"]
[Result "1-0"]
[WhiteElo "2673"]
[BlackElo "2540"]
[TimeControl "180+1"]
[EndTime "11:57:36 PDT"]
[Termination "FramboiseDePrintemps won on time"]

1. d4 d5 2. c4 c6 3. Nf3 Nf6 4. Nc3 g6 5. Bf4 Bg7 6. e3 O-O 7. h3 Bf5 8. Qb3 Nbd7 9. Qxb7 Nb6 10. Ne5 Rc8 11. Nxc6 Rxc6 12. Qxc6 dxc4 13. Bxc4 Nh5 14.
Bh2 Nxc4 15. Qxc4 Qd7 16. Qe2 Nf6 17. e4 Nxe4 18. Nxe4 Qxd4 19. Nc3 Bd3 20. Qe3 Qc4 21. Be5 f6 22. Rd1 Rd8 23. Bg3 f5 24. Be5 Bxe5 25.
Qxe5 Rd6 26. Qe3 Kf7 27. Kd2 Be2+ 28. Kc1 Bxd1 29. Rxd1 Rxd1+ 30. Kxd1 Qf1+ 31. Kc2 Qxg2 32. Qxa7 Qxh3 33. a4 Qf3 34. a5 h5 35. a6 h4 36. Qb8 Qxf2+ 37. Kb3 Qe3 38. a7 Qe6+ 39. Kb4 Qf6 40. a8=Q Qd4+ 41. Kb3 Kf6 42. Qh8+ 1-0

[Event "*** SCC Grand Prix: Titled Tuesday Blitz"]
[Site "Chess.com"]
[Date "2020.10.06"]
[Round "10"]
[White "lucachess49"]
[Black "Rakesh"]
[Result "0-1"]
[WhiteElo "2390"]
[BlackElo "2505"]
[TimeControl "180+1"]
[EndTime "11:57:36 PDT"]
[Termination "Rakesh won on time"]

1. d4 Nf6 2. c4 e5 3. dxe5 Ng4 4.
Bf4 g5 5. Bg3 Bg7 6. Nf3 Nc6 7.
Nc3 Ngxe5 8. Nxe5 Nxe5 9. e3 d6 10.
Be2 Be6 11. Nd5 c6 12. Nc3 O-O 13. c5 dxc5 14. O-O f5 15. f4 gxf4 16. Bxf4 Ng6 17. Bg3 Qxd1 18. Raxd1 Rad8 19. Bd6 Rfe8 20. Bxc5 b6 21.
Bd6 Bh6 22. Bf4 Nxf4 23. exf4 c5 24. Bb5 Rf8 25. g3 Bg7 26. Rfe1 Bd4+ 27. Kg2 Kf7 28. Be2 Bxc3 29. bxc3 Bxa2 30. c4 Rd4 31.
Ra1 Bxc4 32. Bxc4+ Rxc4 33. Rxa7+ Kf6 34. Rae7 Re4 35.
R1xe4 fxe4 36. Rb7 Ke6 37. Rxb6+ Kd5 38. Kf2 Ra8 39. Rb2 Ra3 40. f5 Rf3+ 41. Ke2 Rxf5 42. Rd2+ Ke5 43. Rd7 h6 44. Rh7 h5 45. h4 Kd4 46. Rg7 c4 47. Rg5 Rf3 0-1

[Event "*** SCC Grand Prix: Titled Tuesday Blitz"]
[Site "Chess.com"]
[Date "2020.10.06"]
[Round "10"]
[White "JoliyRoger"]
[Black "Rogarcia1"]
[Result "1-0"]
[WhiteElo "2470"]
[BlackElo "2204"]
[TimeControl "180+1"]
[EndTime "11:57:36 PDT"]
[Termination "JoliyRoger won by resignation"]

1. Nf3 d5 2. c4 c6 3. e3 Nf6 4.
b3 g6 5. Bb2 Bg7 6. d4 O-O 7. Nbd2 Re8 8. Bd3 Nbd7 9. O-O b6 10.
h3 Bb7 11. Qe2 c5 12. Rfd1 Rc8 13. Rac1 Rc7 14. Ne5 Qa8 15. f4 Ne4 16. Bxe4 dxe4 17. d5 f5 18. g4 Rf8 19. gxf5 Rxf5 20. Nxe4 Nxe5 21. fxe5 Bxe5 22. Rf1 Bxb2 23. Qxb2 Qf8 24. Qg2 e6 25. Ng5 Re7 26. e4 Rf6 27. Nxe6 Qf7 28. Rxf6 Qxf6 29. Rf1 Qd4+ 30. Nxd4 cxd4 31. Qg5 1-0

[Event "*** SCC Grand Prix: Titled Tuesday Blitz"]
[Site "Chess.com"]
[Date "2020.10.06"]
[Round "10"]
[White "SHIVACalypso"]
[Black "Shivagami"]
[Result "0-1"]
[WhiteElo "2338"]
[BlackElo "2236"]
[TimeControl "180+1"]
[EndTime "11:57:36 PDT"]
[Termination "Shivagami won by resignation"]

1. Nf3 d5 2. c4 d4 3. e3 Nc6 4. exd4 Nxd4 5. Nxd4 Qxd4 6. Nc3 Nh6 7. d3 Nf5 8. Nb5 Qd7 9. Bf4 Nd6 10. Bxd6 cxd6 11.
d4 g6 12. Be2 Bg7 13. O-O O-O 14. Bf3 a6 15. Nc3 Rb8 16. Qd2 b5 17. b3 Bb7 18.
Bxb7 Qxb7 19. Nd5 e6 20. Ne3 Qe4 21. Rfd1 f5 22. Rac1 f4 23. Nf1 f3 24. Ng3 Qg4 25. Qe3 fxg2 26. Re1 e5 27. dxe5 Bxe5 28. c5 Bd4 29. Qe6+ Qxe6 30. Rxe6 Rxf2 31. Rce1 Bxc5 32. h3 Rbf8 33. h4 R8f3 34. Ne4 Rxa2+ 35. Nxc5 dxc5 36. Rc6 Rh3 37. Rc8+ Kg7 38. Rc7+ Kh6 0-1

[Event "*** SCC Grand Prix: Titled Tuesday Blitz"]
[Site "Chess.com"]
[Date "2020.10.06"]
[Round "10"]
[White "Gabix_94"]
[Black "nocnypako"]
[Result "1-0"]
[WhiteElo "2807"]
[BlackElo "2579"]
[TimeControl "180+1"]
[EndTime "11:57:39 PDT"]
[Termination "Gabix_94 won on time"]

1. d4 Nf6 2. Nf3 g6 3. Nbd2 d5 4. b4 Bg7 5. e3 O-O 6. Bb2 a5 7. b5 a4 8. a3 Nbd7 9. c4 c5 10. Rc1 Qa5 11. Bc3 Qa7 12. Be2 Ne4 13. Nxe4 dxe4 14. Ng5 cxd4 15. exd4 Nf6 16. h4 h6 17. Nh3 e3 18. fxe3 Ne4 19. Bb4 e5 20. Bf3 Ng3 21.
Bxf8 Kxf8 22. Rg1 exd4 23. Nf4 Nf5 24. Bd5 Nxe3 25. Qf3 Nxd5 26. Nxd5 Bf5 27. Kf2 d3+ 28. b6 Qa5 29. Rgd1 Qc5+ 30. Kf1 Re8 31. Rxd3 Be4 32. Qe3 Qd6 33. Kg1 Bxd3 34. Qxd3 Qc5+ 35. Kh1 Qd6 36.
Rf1 Qe5 37. Qf3 Qe6 38. Nc7 Qe7 39. Nxe8 Kxe8 40. c5 1-0

[Event "*** SCC Grand Prix: Titled Tuesday Blitz"]
[Site "Chess.com"]
[Date "2020.10.06"]
[Round "10"]
[White "chenxiaoyuer"]
[Black "sokidze"]
[Result "0-1"]
[WhiteElo "2509"]
[BlackElo "2703"]
[TimeControl "180+1"]
[EndTime "11:57:39 PDT"]
[Termination "sokidze won by resignation"]

1. e4 c5 2. Nf3 Nc6 3. d4 cxd4 4.
Nxd4 g6 5. Nc3 Bg7 6. Nb3 d6 7.
Be2 Nf6 8. O-O O-O 9. Bg5 a6 10. a4 Be6 11. Kh1 Rc8 12. f4 Nd7 13. f5 Bxb3 14. cxb3 h6 15. Be3 Nce5 16. Nd5 e6 17.
Nf4 Qe7 18. fxg6 fxg6 19. Bg4 Rf6 20. Bh3 Rcf8 21. Qe2 Nc5 22. Bxc5 dxc5 23. Nd3 Nxd3 24. Qxd3 Rxf1+ 25. Rxf1 Rxf1+ 26. Qxf1 Bxb2 27. Qc4 Kf7 28. g3 Bd4 29. Qf1+ Kg7 30. Kg2 Qd6 31. Qc4 Kf6 32.
Qf1+ Ke7 33. Qf4 Be5 34. Qh4+ g5 35. Qxh6 Qd2+ 36. Kf3 g4+ 0-1

[Event "*** SCC Grand Prix: Titled Tuesday Blitz"]
[Site "Chess.com"]
[Date "2020.10.06"]
[Round "10"]
[White "Xeniya2005"]
[Black "Sanyura"]
[Result "1-0"]
[WhiteElo "2409"]
[BlackElo "2531"]
[TimeControl "180+1"]
[EndTime "11:57:39 PDT"]
[Termination "Xeniya2005 won on time"]

1. e4 c6 2. d4 d5 3. Nd2 dxe4 4. Nxe4 Bf5 5. Ng3 Bg6 6. h4 h6 7. Nf3 e6 8. h5 Bh7 9. Bd3 Bxd3 10. Qxd3 Nf6 11. Bd2 Be7 12. O-O-O a5 13. Kb1 O-O 14. Ne4 Nbd7 15. g4 Nxe4 16. Qxe4 Nf6 17. Qe2 Qd5 18. g5 Qe4 19. Be3 Nd5 20. Nd2 Qf5 21. gxh6 a4 22. Rdg1 a3 23. hxg7 Rfc8 24. h6 Qh7 25. Ne4 axb2 26.
Bg5 Bb4 27. Qc4 Ra3 28. Qxd5 1-0

[Event "*** SCC Grand Prix: Titled Tuesday Blitz"]
[Site "Chess.com"]
[Date "2020.10.06"]
[Round "10"]
[White "chito89"]
[Black "QuintilianoR"]
[Result "1/2-1/2"]
[WhiteElo "2813"]
[BlackElo "2593"]
[TimeControl "180+1"]
[EndTime "11:57:41 PDT"]
[Termination "Game drawn by agreement"]

1. e4 c5 2. Nc3 Nc6 3. g3 g6 4. Bg2 Bg7 5. d3 d6 6. Be3 Rb8 7. Qd2 b5 8. Nge2 b4 9. Nd1 Nd4 10. c3 bxc3 11. bxc3 Nxe2 12. Kxe2 Nf6 13. h3 O-O 14. Re1 Ba6 15. Kf1 Qa5 16. Kg1 Nd7 17. d4 cxd4 18. Bxd4 Bxd4 19. Qxd4 Rfc8 20. Qxa7 Rc7 21.
Qd4 Ne5 22. Ne3 Qxc3 23. Qxc3 Rxc3 24. Rab1 Rxb1 25. Rxb1 Kg7 26. Rb2 Ra3 27. Nd5 e6 28. Nc7 Bc4 29. Ne8+ Kf8 30. Nxd6 Rxa2 31. Rxa2 Bxa2 32.
f4 Nc4 33. Nxc4 Bxc4 34. e5 Ke7 35. Kf2 h5 36. h4 Bb3 37. Ke3 1/2-1/2

[Event "*** SCC Grand Prix: Titled Tuesday Blitz"]
[Site "Chess.com"]
[Date "2020.10.06"]
[Round "10"]
[White "Kacparov"]
[Black "KuzubovYuriy"]
[Result "1/2-1/2"]
[WhiteElo "2773"]
[BlackElo "2925"]
[TimeControl "180+1"]
[EndTime "11:57:43 PDT"]
[Termination "Game drawn by repetition"]

1. e4 c5 2. Nf3 Nc6 3. d4 cxd4 4. Nxd4 Nf6 5. Nc3 e5 6. Ndb5 d6 7. a4 a6 8. Na3 Be7 9. Bg5 O-O 10. Bxf6 Bxf6 11.
Nc4 Be6 12. Ne3 Rc8 13. Bd3 Bg5 14. Ned5 Ne7 15. Nxe7+ Qxe7 16. O-O g6 17. Be2 Kh8 18. Bf3 Bh6 19. Re1 f5 20. a5 Rfd8 21. Nd5 Bxd5 22. Qxd5 Rc5 23. Qd3 fxe4 24. Qxe4 d5 25. Qxe5+ Qxe5 26. Rxe5 Rxc2 27. Rxd5 Rxd5 28. Bxd5 Rxb2 29. Kf1 Bd2 30.
Be4 Rb4 31. f3 Kg7 32. Rd1 Rb2 33. Bxb7 Rxb7 34. Rxd2 Rb5 35. Rd7+ Kg8 36. Kf2 Rxa5 37. Ra7 Ra4 38. Kg3 Ra5 39. Kg4 h6 40. h4 Ra4+ 41. Kh3 Ra5 42. g4 Ra3 43. Kg3 g5 44. hxg5 hxg5 45.
Kf2 Ra4 46. Kg3 Ra5 47. Kf2 Kf8 48. Ke3 Kg8 49. Ke4 Kf8 50. Ke3 Kg8 51. Ke4 Kf8 52. Ke3 1/2-1/2

[Event "*** SCC Grand Prix: Titled Tuesday Blitz"]
[Site "Chess.com"]
[Date "2020.10.06"]
[Round "10"]
[White "MashaFromRussia"]
[Black "Artyom_ChessMate"]
[Result "1/2-1/2"]
[WhiteElo "2410"]
[BlackElo "2510"]
[TimeControl "180+1"]
[EndTime "11:57:43 PDT"]
[Termination "Game drawn by agreement"]

1. d4 d5 2. c4 e6 3. Nf3 Nf6 4.
g3 Be7 5. Bg2 O-O 6. O-O dxc4 7.
Ne5 Nc6 8. Nxc6 bxc6 9. e3 Rb8 10. Qa4 c5 11. Rd1 cxd4 12. Qxa7 Rb6 13. Rxd4 Rd6 14. Rxd6 Qxd6 15. Nc3 Rd8 16. e4 Ng4 17. h3 Ne5 18. Bf4 g5 19. Rd1 Qxd1+ 20. Nxd1 Rxd1+ 21. Kh2 gxf4 22. Qxc7 Bd6 23. Qxc8+ Kg7 24. gxf4 Ng6 25. e5 Nxe5 26. Be4 Nd3 27. Qxc4 Bxf4+ 28. Kg2 Ne1+ 29. Kf1 Rc1 30.
Qxc1 Bxc1 31. Kxe1 Bxb2 32. Ke2 1/2-1/2

[Event "*** SCC Grand Prix: Titled Tuesday Blitz"]
[Site "Chess.com"]
[Date "2020.10.06"]
[Round "10"]
[White "venus02"]
[Black "Kotofeyca"]
[Result "0-1"]
[WhiteElo "2461"]
[BlackElo "2365"]
[TimeControl "180+1"]
[EndTime "11:57:43 PDT"]
[Termination "Kotofeyca won by checkmate"]

1. e4 c5 2. Nf3 d6 3. Bb5+ Bd7 4.
Bxd7+ Qxd7 5. c4 Nf6 6. Nc3 Nc6 7. d4 cxd4 8. Nxd4 Qg4 9. O-O Qxd1 10. Rxd1 Nxd4 11. Rxd4 Rc8 12. b3 g6 13. Bb2 Bg7 14. Rd2 Nd7 15. f3 a6 16. Nd5 Bxb2 17. Rxb2 e6 18.
Ne3 Ke7 19. Rd1 Rc6 20. Rbd2 b5 21. cxb5 axb5 22. a4 bxa4 23. bxa4 Ra8 24. Ra1 Ra5 25. Nd1 Rc4 26. Rda2 Nc5 27. Nb2 Rc2 28. h4 h5 29.
Kh2 e5 30. Kg3 f5 31. exf5 gxf5 32. Kh3 f4 33. g4 fxg3 34. Kxg3 Ra8 35. a5 Rg8+ 36.
Kh3 Rgg2 37. Rh1 Ne6 38. Ra4 Rxb2 39. a6 Nf4+ 40. Rxf4 exf4 41. Re1+ Kd7 42. Rg1 Rh2# 0-1

[Event "*** SCC Grand Prix: Titled Tuesday Blitz"]
[Site "Chess.com"]
[Date "2020.10.06"]
[Round "10"]
[White "davigator"]
[Black "BanjoKazooieN64"]
[Result "0-1"]
[WhiteElo "2348"]
[BlackElo "2477"]
[TimeControl "180+1"]
[EndTime "11:57:43 PDT"]
[Termination "BanjoKazooieN64 won by resignation"]

1. e4 e5 2. Nf3 Nc6 3. Bb5 f5 4. d3 fxe4 5. dxe4 Nf6 6. O-O Bc5 7. Nc3 d6 8. Bg5 a6 9. Ba4 b5 10. Bb3 Nd4 11. Nxd4 Bxd4 12. Nd5 c6 13. Nxf6+ gxf6 14. Qh5+ Kd7 15. Qf7+ Qe7 16. Qxf6 Qxf6 17. Bxf6 Rf8 18. Bh4 Rf4 19. Bg3 Rxe4 20. c3 Bc5 21. Rad1 Kc7 22. Rd2 Bd7 23. Bc2 Rc4 24. Bxh7 b4 25. cxb4 Rxb4 26.
Rc2 a5 27. b3 a4 28. Bxe5 Kb6 29. Bc3 Rh4 30. Bd3 axb3 31. axb3 Rg8 32. b4 Bxb4 33. Bxb4 Rxb4 34. f4 c5 35. f5 Ba4 36.
Ra2 Bb3 37. Ra6+ Kc7 38. f6 Rbg4 39. Rf2 Bd5 40. Bf1 Rf8 41. Ra7+ Kb6 42. Re7 c4 43. h3 Rg6 44. f7 Rg7 45. Rf5 Kc6 46. g4 Rfxf7 47. Rfxf7 Rxf7 48. Rxf7 Bxf7 49. Kf2 d5 50. Ke3 Kc5 51. h4 d4+ 52. Kd2 c3+ 53. Kc1 Bc4 54. Bg2 d3 55. Bf3 Kd4 56. h5 Bb3 57. h6 d2+ 58.
Kb1 c2+ 59. Kb2 c1=Q+ 60. Kxb3 Qc3+ 61. Ka2 Qxf3 62. h7 Qh3 0-1

[Event "*** SCC Grand Prix: Titled Tuesday Blitz"]
[Site "Chess.com"]
[Date "2020.10.06"]
[Round "10"]
[White "DrMamaliga"]
[Black "GianmarcoVaR"]
[Result "0-1"]
[WhiteElo "2356"]
[BlackElo "2477"]
[TimeControl "180+1"]
[EndTime "11:57:44 PDT"]
[Termination "GianmarcoVaR won by resignation"]

1. c4 Nf6 2. Nc3 e5 3. Nf3 Nc6 4. e3 Bb4 5. Qc2 d6 6. Nd5 Bc5 7. a3 a6 8. Be2 h6 9. b4 Ba7 10. Bb2 O-O 11. O-O Re8 12. Rfe1 Be6 13. Nxf6+ Qxf6 14. Rad1 Bf5 15. Qc1 Ne7 16. d4 e4 17. d5 Qg6 18. Nh4 Qg5 19. Nxf5 Nxf5 20. c5 Rad8 21. Bd4 dxc5 22. Bxc5 Bb8 23. Qc4 h5 24.
Rd2 h4 25. Red1 Nd6 26. Bxd6 Rxd6 27. Rd4 Rg6 28. Bf1 Qe5 29. g3 hxg3 30. hxg3 Rxg3+ 31.
fxg3 Qxg3+ 32. Bg2 Qxe3+ 33. Kh1 Ba7 34. Rxe4 Rxe4 35.
Qxe4 Qh6+ 0-1

[Event "*** SCC Grand Prix: Titled Tuesday Blitz"]
[Site "Chess.com"]
[Date "2020.10.06"]
[Round "10"]
[White "Oligan22"]
[Black "Chessdude1987"]
[Result "1-0"]
[WhiteElo "2423"]
[BlackElo "2250"]
[TimeControl "180+1"]
[EndTime "11:57:44 PDT"]
[Termination "Oligan22 won on time"]

1. e4 e6 2. d4 d5 3. Nd2 c5 4.
Ngf3 Nf6 5. exd5 exd5 6. Bb5+ Bd7 7. Bxd7+ Nbxd7 8. O-O Be7 9. dxc5 Nxc5 10. Nb3 Ne6 11. c3 O-O 12. Re1 Ne4 13. Be3 b6 14. Nbd4 Qc7 15.
Qd3 Bf6 16. Nf5 Rad8 17. Rad1 Nf4 18. Qc2 g6 19. Nh6+ Kg7 20. Ng4 Be7 21. Bd4+ f6 22. h3 Bc5 23. Qc1 Bxd4 24. Nxd4 Rfe8 25. Re3 h5 26.
Nh2 Nc5 27. b4 Ne4 28. Rde1 Ne6 29. Nhf3 Nf4 30. Nd2 f5 31. N2b3 Rf8 32. f3 Nd6 33. Re7+ 1-0

[Event "*** SCC Grand Prix: Titled Tuesday Blitz"]
[Site "Chess.com"]
[Date "2020.10.06"]
[Round "10"]
[White "nitpicker"]
[Black "Sesleria"]
[Result "1-0"]
[WhiteElo "2234"]
[BlackElo "2092"]
[TimeControl "180+1"]
[EndTime "11:57:44 PDT"]
[Termination "nitpicker won by checkmate"]

1. d4 Nf6 2. c4 e6 3. g3 c5 4. d5 exd5 5. cxd5 d6 6. Nc3 g6 7. Nf3 Bg7 8. Nd2 Nbd7 9. Nc4 Nb6 10. Ne3 O-O 11. Bg2 Re8 12. O-O a6 13. a4 Bd7 14. a5 Nc8 15. Qb3 b5 16. axb6 Qxb6 17. Qc2 Bb5 18. Nxb5 Qxb5 19. Nc4 a5 20. Bf4 Ra6 21.
Bf3 Nd7 22. Qa4 Qxa4 23. Rxa4 Ne5 24. Bxe5 dxe5 25. e4 f5 26. Rd1 Rd8 27. b3 Nd6 28. Nxa5 fxe4 29. Bg4 Rda8 30. Be6+ Kf8 31. Rda1 c4 32. Nxc4 Nxc4 33. Rxa6 Rxa6 34. Rxa6 Nd2 35.
Ra8+ Ke7 36. Ra7+ Kf6 37. Rf7+ Kg5 38. Rxg7 Nxb3 39. Rxh7 Nd4 40. h4+ Kf6 41. Rf7# 1-0

[Event "*** SCC Grand Prix: Titled Tuesday Blitz"]
[Site "Chess.com"]
[Date "2020.10.06"]
[Round "10"]
[White "AniJak"]
[Black "aisha_zakirova"]
[Result "0-1"]
[WhiteElo "2338"]
[BlackElo "2178"]
[TimeControl "180+1"]
[EndTime "11:57:46 PDT"]
[Termination "aisha_zakirova won by resignation"]

1. e4 c5 2. Nf3 d6 3. d4 cxd4 4.
Nxd4 Nf6 5. Nc3 Nc6 6. Bg5 e6 7. Qd2 h6 8. Be3 Ng4 9. Nxc6 bxc6 10. Bf4 d5 11. exd5 cxd5 12. Nb5 Bc5 13. Nc7+ Kf8 14.
Nxa8 Bxf2+ 15. Kd1 e5 16. Bxe5 Be3 17. Qb4+ Kg8 18.
Qd6 Qg5 19. Bd3 Nf2+ 20. Ke1 Nxd3+ 21. cxd3 Bd2+ 22. Kf1 Qe3 23. Qxd5 Ba6 24. g3 Bxd3+ 25. Kg2 Be4+ 26. Qxe4 Qxe4+ 27. Kh3 Qxe5 28. Rhf1 Qe6+ 29. Kg2 Qc6+ 30. Kg1 Qxa8 31. Rad1 Be3+ 32. Rf2 Bxf2+ 33. Kxf2 Kh7 34. Rd2 Rd8 35. Re2 Re8 36. Rd2 Qe4 37. Rd7 Qe3+ 0-1

[Event "*** SCC Grand Prix: Titled Tuesday Blitz"]
[Site "Chess.com"]
[Date "2020.10.06"]
[Round "10"]
[White "fabianvivasz"]
[Black "gumimis"]
[Result "1-0"]
[WhiteElo "2345"]
[BlackElo "2248"]
[TimeControl "180+1"]
[EndTime "11:57:49 PDT"]
[Termination "fabianvivasz won by checkmate"]

1. e4 c5 2. Nf3 d6 3. d4 cxd4 4. Nxd4 Nf6 5. Nc3 a6 6. f3 e5 7. Nb3 Be6 8. Be3 Be7 9. Qd2 O-O 10.
O-O-O a5 11. a4 Nc6 12. g4 Nb4 13. g5 Nd7 14. h4 f5 15. Bh3 Rc8 16. Kb1 Nb6 17.
Bxb6 Qxb6 18. exf5 Bxf5 19. Bxf5 Rxf5 20. Nd5 Nxd5 21.
Qxd5+ Kh8 22. Rd3 Rf4 23. Qxa5 Qf2 24. Nd2 Bd8 25. Qd5 Rxa4 26. Qxb7 Rca8 27. Nb3 g6 28. Rxd6 Qe3 29. Rhd1 Be7 30. Qxe7 Qxb3 31. Qf6+ Kg8 32. Rd8+ Rxd8 33. Rxd8# 1-0

[Event "*** SCC Grand Prix: Titled Tuesday Blitz"]
[Site "Chess.com"]
[Date "2020.10.06"]
[Round "10"]
[White "CrazyMartian"]
[Black "juli2512"]
[Result "1-0"]
[WhiteElo "2282"]
[BlackElo "2062"]
[TimeControl "180+1"]
[EndTime "11:57:51 PDT"]
[Termination "CrazyMartian won on time"]

1. d4 f5 2. Nc3 d5 3. Bg5 c6 4. e3 Be6 5. Bd3 Nd7 6. Qf3 g6 7. h4 Ngf6 8. h5 Nxh5 9. Rxh5 gxh5 10. Qxh5+ Bf7 11. Qh3 Qb6 12. Bxf5 O-O-O 13. O-O-O h6 14.
Bf4 Bg7 15. Nf3 e6 16. Bxe6 Bxe6 17. Qxe6 Rhe8 18. Qg6 Bf8 19. Ne5 Nxe5 20. Bxe5 Bb4 21. Rd3 Qa6 22. a3 Bxc3 23. Qg4+ Rd7 24. Rxc3 Qf1+ 25.
Qd1 Qxf2 26. g3 Rf8 27. b4 Rdf7 28. Kb2 Qf1 29. Qg4+ Rd7 30. Bf4 Qb5 31. Qe6 a5 32. Qe5 Kd8 33. Rc5 Qe2 34. Rxa5 1-0

[Event "*** SCC Grand Prix: Titled Tuesday Blitz"]
[Site "Chess.com"]
[Date "2020.10.06"]
[Round "10"]
[White "ORS1984"]
[Black "Witik"]
[Result "0-1"]
[WhiteElo "2526"]
[BlackElo "2710"]
[TimeControl "180+1"]
[EndTime "11:57:52 PDT"]
[Termination "Witik won by checkmate"]

1. e4 c5 2. Nf3 Nc6 3. d4 cxd4 4. Nxd4 g6 5. Nc3 Bg7 6. Nb3 Nf6 7. Be2 O-O 8. O-O b6 9. Re1 Bb7 10. Bf1 Rc8 11.
Bg5 h6 12. Bh4 d6 13. Nd5 g5 14. Bg3 Ne5 15. c3 Nxe4 16. Rxe4 e6 17. Rd4 Bxd5 18. h4 Ng6 19. Rxd5 exd5 20. hxg5 Qxg5 21. Nd4 Be5 22. Nf3 Qf6 23. Nxe5 dxe5 24. Qxd5 Rcd8 25. Qb7 Rd2 26. Qxa7 Rfd8 27. a4 Rxb2 28. a5 bxa5 29. Qxa5 Rdd2 30.
Qc5 Kh7 31. Bc4 Nf4 32. Ra7 Rd1+ 33. Kh2 Rbb1 34. Rxf7+ Qxf7 35. Bxf4 Qxf4+ 36. g3 Rh1+ 37. Kg2 Rbg1# 0-1

[Event "*** SCC Grand Prix: Titled Tuesday Blitz"]
[Site "Chess.com"]
[Date "2020.10.06"]
[Round "10"]
[White "PhileKhoob"]
[Black "Carnivoras"]
[Result "0-1"]
[WhiteElo "2475"]
[BlackElo "2668"]
[TimeControl "180+1"]
[EndTime "11:57:53 PDT"]
[Termination "Carnivoras won by resignation"]

1. Nf3 d5 2. b3 Nf6 3. Bb2 Bf5 4. g3 Nbd7 5. Bg2 e6 6. O-O Be7 7. d3 h6 8. Nbd2 O-O 9. Re1 c6 10. e4 Bh7 11. Qe2 a5 12. a3 Qc7 13. e5 Ne8 14. h4 b5 15. Nh2 Qb6 16. a4 Nc7 17. Ng4 bxa4 18. Rxa4 Nc5 19. Ra2 a4 20. Bd4 Nb5 21.
Qe3 Bf5 22. bxa4 Bxg4 23. Rb1 Qa5 24. Bxc5 Bxc5 25. Qxc5 Qxd2 26. Rab2 Nc3 27. Rf1 Be2 28. Ra1 Nd1 29. Rbb1 Qe1+ 30. Kh2 Qxf2 31. Qxf2 Nxf2 32. a5 Ng4+ 33. Kg1 Ne3 34. Kf2 Nxc2 35. Kxe2 Nxa1 36. Rxa1 Rfb8 37. d4 Rb5 38. Rc1 Ra6 39. Ke3 Rbxa5 40. Bf1 Ra3+ 41. Bd3 Rb6 42. Ke2 Rb2+ 43. Rc2 Rxc2+ 44.
Bxc2 Rxg3 0-1

[Event "*** SCC Grand Prix: Titled Tuesday Blitz"]
[Site "Chess.com"]
[Date "2020.10.06"]
[Round "10"]
[White "Brave_spirit12"]
[Black "Vuk2000"]
[Result "1-0"]
[WhiteElo "2496"]
[BlackElo "2660"]
[TimeControl "180+1"]
[EndTime "11:57:55 PDT"]
[Termination "Brave_spirit12 won by resignation"]

1. e4 e6 2. d4 d5 3. exd5 exd5 4. Nc3 Bb4 5. Bd3 Nf6 6. Ne2 O-O 7. Bg5 Bg4 8. f3 Bh5 9. Qd2 c6 10. O-O-O Bg6 11.
h4 Nbd7 12. g4 Re8 13. Bf5 Bxf5 14. gxf5 Qa5 15. Kb1 Rxe2 16. Qxe2 Bxc3 17. bxc3 Nb6 18. Rd3 Nc4 19. Ka1 Re8 20. Qg2 Qa3 21. Bc1 Qd6 22.
Rg1 g6 23. fxg6 fxg6 24. f4 Qe6 25. Rg3 Kf7 26. f5 Qe2 27. fxg6+ hxg6 28. Rxg6 Qxg2 29. R6xg2 Ne4 30. h5 Rh8 31. h6 Ncd6 32. Rg7+ Kf6 33. Rg8 Rh7 34. R1g7 Rxg7 35. Rxg7 Nf7 36. Kb2 Ned6 37.
Rg8 Nf5 38. h7 Ne7 39. h8=Q+ Nxh8 40. Rxh8 Ke6 41. Re8 Kd7 42. Rxe7+ Kxe7 1-0

[Event "*** SCC Grand Prix: Titled Tuesday Blitz"]
[Site "Chess.com"]
[Date "2020.10.06"]
[Round "10"]
[White "Aygehovit1992"]
[Black "StellarChessPro"]
[Result "1-0"]
[WhiteElo "2621"]
[BlackElo "2465"]
[TimeControl "180+1"]
[EndTime "11:57:55 PDT"]
[Termination "Aygehovit1992 won by resignation"]

1. Nf3 b6 2. b3 Bb7 3. Bb2 e6 4. c4 Nf6 5. Nc3 c5 6. Qc2 Nc6 7. e3 Be7 8. a3 Rc8 9. Rg1 d5 10. g4 d4 11. exd4 Nxd4 12. Nxd4 cxd4 13. Nb5 e5 14. g5 Ne4 15. Bg2 d3 16. Qd1 Bc5 17. Bxe4 Bxe4 18. Qg4 Bb7 19. Nxa7 O-O 20. Nxc8 Bxc8 21.
Qg3 Bd4 22. O-O-O Bxb2+ 23. Kxb2 Qd4+ 24. Ka2 Be6 25. Qe3 Qd6 26. Kb2 Ra8 27. Ra1 b5 28. Rge1 bxc4 29. Qxe5 Qb6 30. b4 Qxf2 31. Qc3 Qxh2 32. a4 Rb8 33. b5 Qd6 34. Re4 Qc5 35. Re5 Qf2 36. a5 h6 37. a6 hxg5 38. a7 Ra8 39.
Rxe6 fxe6 40. Qxc4 Qxd2+ 41. Kb3 Qe3 42. Qc6 d2+ 43. Kc2 Rxa7 44. Qe8+ Kh7 45. Rh1+ 1-0

[Event "*** SCC Grand Prix: Titled Tuesday Blitz"]
[Site "Chess.com"]
[Date "2020.10.06"]
[Round "10"]
[White "mirceaparligras"]
[Black "rugbyclub"]
[Result "0-1"]
[WhiteElo "2600"]
[BlackElo "2222"]
[TimeControl "180+1"]
[EndTime "11:57:56 PDT"]
[Termination "rugbyclub won by resignation"]

1. e4 e5 2. d4 exd4 3. Nf3 Nc6 4. Bc4 Nf6 5. O-O Nxe4 6. Re1 d5 7. Nc3 dxc4 8.
Rxe4+ Be6 9. Nxd4 Nxd4 10. Rxd4 Bd6 11. Bf4 O-O 12. Bxd6 cxd6 13. Rxd6 Qg5 14. Qd4 Rfd8 15. Rd1 Rxd6 16. Qxd6 h6 17. Qg3 Qxg3 18. hxg3 Kf8 19.
f3 Ke7 20. Kf2 Rc8 21. g4 Rc5 22. Rd4 b5 23. a3 a5 24. Ne4 Rd5 25. Rxd5 Bxd5 26.
Nc3 Bc6 27. Ke3 Kd6 28. Kd4 g6 29. Nd1 Bd7 30. Ne3 Bc6 31. c3 Bb7 32. a4 bxa4 33. Nxc4+ Ke6 34. Nxa5 Ba6 35. Nc4 f5 36. gxf5+ Kxf5 37. g3 g5 38. Ne3+ Kf6 39. c4 h5 40.
c5 h4 41. gxh4 gxh4 42. Kd5 h3 43. c6 Kg5 44. Ng4 Kf4 45. Kc5 Kxf3 46. Nh2+ Kg2 47. Kb6 Bc8 48. Kc7 Bf5 49. Kd6 Kxh2 0-1

[Event "*** SCC Grand Prix: Titled Tuesday Blitz"]
[Site "Chess.com"]
[Date "2020.10.06"]
[Round "10"]
[White "VladimirBugayev"]
[Black "zurzan"]
[Result "0-1"]
[WhiteElo "2269"]
[BlackElo "1955"]
[TimeControl "180+1"]
[EndTime "11:57:56 PDT"]
[Termination "zurzan won by resignation"]

1. e4 Nf6 2. Nc3 d5 3. exd5 Nxd5 4. d4 Nc6 5. Bc4 Nb6 6. Bb3 Qxd4 7. Qf3 Qf6 8. Qxf6 exf6 9. Nf3 Bb4 10. O-O O-O 11. Bf4 Bd6 12. Bxd6 cxd6 13. Rad1 Rd8 14. Nb5 d5 15. Nc7 Rb8 16. Nxd5 Nxd5 17. Bxd5 Bg4 18. h3 Bh5 19. g4 Bg6 20. Bb3 Na5 21. Nh4 Nxb3 22.
Nxg6 hxg6 23. cxb3 Rbc8 24. Rxd8+ Rxd8 25. f3 Rd2 26. Rf2 Rd3 27. Kg2 f5 28. g5 f4 29. Rc2 f6 30.
gxf6 gxf6 31. Kf2 Rd7 32. Rc4 g5 33. Ke2 Rh7 34. Rc8+ Kg7 35. Rc7+ Kg6 36. Rxh7 Kxh7 37. a4 Kh6 38. b4 Kh5 39. Kf2 f5 40. b3 Kg6 41.
Kg2 Kf6 42. h4 g4 43. b5 g3 44. a5 Kg6 45. b4 Kh5 46. Kh3 b6 47. axb6 axb6 48.
Kg2 Kxh4 49. Kg1 Kh3 50. Kh1 Kh4 51. Kg2 Kg5 52. Kh3 Kf6 0-1